 Dungeon Crawl Stone Soup version 0.25.1-8-g42b30a86e7 (webtiles) character file.

Game seed: 5364512681669566363

0 Descartes the Stinger (level 1, 0/13 HPs)
             Began as a Formicid Wanderer on Dec 27, 2020.
             Slain by a gnoll
             ... wielding a +0 spear
              (4 damage)
             ... on level 1 of the Dungeon.
             The game lasted 00:01:02 (135 turns).

Descartes the Stinger (Formicid Wanderer)            Turns: 135, Time: 00:01:03

Health: 0/13       AC:  6    Str: 14    XL:     1   Next: 11%
Magic:  3/3        EV:  8    Int: 12    God:
Gold:   14         SH:  0    Dex: 11    Spells: 3/4 levels left

rFire    . . .     SeeInvis +   a - +0 club
rCold    . . .     Gourm    .   (no shield)
rNeg     . . .     Faith    .   d - +0 scale mail
rPois    .         Spirit   .   (helmet unavailable)
rElec    .         Reflect  .   (no cloak)
rCorr    .         Harm     .   (no gloves)
MR       .....                  (no boots)
Stlth    ..........             (no amulet)
HPRegen  0.04/turn              (no ring)
MPRegen  0.08/turn              (no ring)

@: no status effects
A: permanent stasis, dig shafts and tunnels, four strong arms, antennae 3
a: Dig, Shaft Self


You were on level 1 of the Dungeon.
You were not hungry.

You visited 1 branch of the dungeon, and saw 1 of its levels.

You collected 14 gold pieces.

Inventory:

Hand Weapons
 a - a +0 club (weapon)
Armour
 c - a +0 robe
 d - a +0 scale mail (worn)
Scrolls
 e - a scroll of remove curse {unknown}
Potions
 b - a potion of lignification
Comestibles
 f - 2 rations


   Skills:
 - Level 1.0 Throwing
 + Level 0.2 Armour
   Level 1.2 Shields
 - Level 2.1 Spellcasting
 - Level 2.4 Hexes
   Level 1.0 Charms
   Level 4.0 Poison Magic


You had 3 spell levels left.
You knew the following spells:

 Your Spells              Type           Power        Failure   Level  Hunger
a - Corona                Hex            #......      41%         1    ##.....

Your spell library contained the following spells:

 Spells                   Type           Power        Failure   Level  Hunger
 Ensorcelled Hibernation  Hex/Ice        #.....       73%         2    ###....
 Confusing Touch          Hex            #.......     80%         3    ####...
 Tukima's Dance           Hex            #.......     80%         3    ####...
 Dazzling Flash           Conj/Hex       #.....       91%         3    ####...


Dungeon Overview and Level Annotations

Branches:
Dungeon (1/15)

Altars:


Innate Abilities, Weirdness & Mutations

You cannot be hasted, slowed, berserked, paralysed or teleported.
You can dig through walls and to a lower floor.
Your four strong arms can wield two-handed weapons with a shield.
You have a pair of large antennae on your head. (SInv)


Message History

The gnoll hits you with a +0 spear.
You are too injured to fight recklessly!
You are too injured to fight recklessly!
You are too injured to fight recklessly!
You are too injured to fight recklessly!
You are too injured to fight recklessly!
You are too injured to fight recklessly!
You are too injured to fight recklessly!
You are too injured to fight recklessly!
You are too injured to fight recklessly!
You are too injured to fight recklessly!
You are too injured to fight recklessly!
You are too injured to fight recklessly!
You barely miss the gnoll.
The gnoll is moderately wounded.
The gnoll completely misses you.
You completely miss the gnoll.
The gnoll is moderately wounded.
The gnoll barely misses you. The gnoll hits you with a +0 spear.
You die...

... ... ... #.. #.
... #.# #. #.# #.# #.
#.# #.# #. #.# #g# #.
#.# #@# #.##.####$# #
.#.#.#.....[...## #
.....................
#
.#.#.####.####.######
# .. #.# #... # #.#
#.# ##### #
##.######.# #
#.........#


You could see a gnoll.

Vanquished Creatures
  A rat (D:1)
1 creature vanquished.

Notes
Turn   | Place    | Note
-------+----------+-------------------------------------------
     0 | D:1      | Descartes the Formicid Wanderer began the quest for the
                  | Orb.
     0 | D:1      | Descartes set off with the following items: a +0 club, a
                  | potion of lignification, a +0 robe, a ration; and the
                  | following spell memorised: Corona; and the following spells
                  | available to memorise: Ensorcelled Hibernation, Confusing
                  | Touch, Tukima's Dance, Dazzling Flash
     0 | D:1      | Reached XP level 1. HP: 13/13 MP: 3/3
   135 | D:1      | Slain by a gnoll

Illustrated notes

Levels and vault maps discovered:
D:1:      lightli_arrival_maybe_door_vault, layout_loops_ring

Action                   || total
-------------------------++-------
Melee: Club              ||    10
Armor: Scale mail        ||     3
Dodge: Dodged            ||     5
